 Dungeon Crawl Stone Soup version 0.18-a0-1778-gadce9fa (webtiles) character file.

76755 Moloch the Crack Shot (level 15, -10/131 (132) HPs)
             Began as a Centaur Berserker on Apr 16, 2016.
             Was the Champion of Trog.
             Mangled by an ice devil (15 damage)
             ... summoned by an orc sorcerer
             ... led by an orc knight
             ... on level 1 of the Orcish Mines.
             The game lasted 01:28:02 (23330 turns).

Moloch the Crack Shot (Centaur Berserker)          Turns: 23330, Time: 01:28:02

HP:   -10/131 (132) AC: 19    Str: 23    XL:     15   Next: 13%
MP:   16/16         EV:  9    Int:  4    God:    Trog [******]
Gold: 1636          SH:  0    Dex: 19    Spells: 0 memorised, 14 levels left

rFire  + + .     SeeInvis .     q - +8 bardiche of the Shore {chop, rN+}
rCold  . . .     Gourm    .     x - +6 chain mail of Denaok {rF+ Str+3 Dex+4}
rNeg   + . .     Faith    .     (shield currently unavailable)
rPois  .         Spirit   .     (no helmet)
rElec  .         Dismiss  .     j - +0 cloak
rCorr  .         Reflect  .     D - +1 pair of gloves
SustAt .         Harm     .     (no barding)
MR     +....                    C - amulet of Vitality {Regen+ HP+15}
Stlth  ..........               T - ring of protection from fire
                                F - ring of flight

@: exhausted, slowed, somewhat resistant to hostile enchantments, extremely
unstealthy
A: hooves 3, blurry vision 1, deformed body, dopey 1, speed 2, high mp 1, tough
skin 3
a: Berserk, Trog's Hand, Brothers in Arms, Burn Spellbooks, Renounce Religion,
Evoke Flight


You were on level 1 of the Orcish Mines.
You worshipped Trog.
Trog was exalted by your worship.
You were very hungry.

You visited 3 branches of the dungeon, and saw 20 of its levels.
You also visited: Bailey.

You collected 2128 gold pieces.
You spent 492 gold pieces at shops.

Inventory:

Hand Weapons
 q - the +8 bardiche of the Shore (weapon) {chop, rN+}
   (Trog gifted it to you on level 8 of the Lair of Beasts)

   It inflicts extra damage upon your enemies.
   It protects you from negative energy.
 I - a +3 longbow of venom
Missiles
 d - 283 arrows
 m - 16 arrows of dispersal
 n - 3 throwing nets (quivered)
 y - 55 arrows of frost
 J - 69 arrows of flame
 X - 32 poisoned arrows
Armour
 j - a +0 cloak (worn)
 w - the +1 ring mail "Wiuh" {rC+ Str-4 Int+8}
   (You took it off a gnoll shaman in a bailey)

   It affects your strength (-4).
   It affects your intelligence (+8).
   It protects you from cold.
 x - the +6 chain mail of Denaok (worn) {rF+ Str+3 Dex+4}
   (You bought it in a shop on level 9 of the Dungeon)

   It affects your strength (+3).
   It affects your dexterity (+4).
   It protects you from fire.
 D - a +1 pair of gloves (worn)
Jewellery
 h - an uncursed ring of wizardry
 C - the amulet of Vitality (around neck) {Regen+ HP+15}
   (You found it on level 7 of the Dungeon)

   [amulet of regeneration]

   It affects your health (+15).
   It increases your rate of regeneration.
 F - a ring of flight (left hand)
 T - a ring of protection from fire (right hand)
Wands
 a - a wand of digging (14/24)
 s - a wand of disintegration (8/24)
 A - a wand of teleportation (2/9)
 B - a wand of lightning (8/15)
 P - a wand of paralysis (21/24)
 V - a wand of hasting (5/9)
Scrolls
 f - 7 scrolls of teleportation
 l - 9 scrolls of identify
 o - a scroll of enchant armour
 r - 2 scrolls of fear {unknown}
 u - 2 scrolls of magic mapping
 v - 3 scrolls of fog
 K - a scroll of noise {unknown}
 M - 2 scrolls of remove curse
 Y - 3 scrolls of blinking
 Z - 3 scrolls of recharging {unknown}
Potions
 b - 15 potions of curing
 e - 4 potions of magic
 t - 3 potions of heal wounds
 z - 3 potions of agility
 E - a potion of might
 G - 2 potions of flight
 H - a potion of haste
 L - 4 potions of ambrosia
 N - a potion of invisibility
 Q - a potion of cure mutation
 U - 2 potions of berserk rage
Books
 g - a book of Clouds

   Spells                             Type                      Level
   a - Mephitic Cloud                 Conjuration/Poison/Air       3
   b - Conjure Flame                  Conjuration/Fire             3
   c - Poisonous Cloud                Conjuration/Poison/Air       6
   d - Freezing Cloud                 Conjuration/Ice/Air          6
   e - Ring of Flames                 Charms/Fire                  7
   Trog disapproves of the use of such an item.
 R - a book of Summonings

   Spells                             Type                      Level
   a - Recall                         Summoning/Translocation      3
   b - Aura of Abjuration             Summoning                    5
   c - Summon Demon                   Summoning                    5
   d - Summon Forest                  Summoning/Translocation      5
   e - Summon Mana Viper              Hexes/Summoning              5
   f - Shadow Creatures               Summoning                    6
   Trog disapproves of the use of such an item.
 W - a book of Necromancy

   Spells                             Type                      Level
   a - Pain                           Necromancy                   1
   b - Animate Skeleton               Necromancy                   1
   c - Vampiric Draining              Necromancy                   3
   d - Regeneration                   Charms/Necromancy            3
   e - Animate Dead                   Necromancy                   4
   f - Control Undead                 Necromancy                   4
   Trog disapproves of the use of such an item.
Comestibles
 c - 8 bread rations
 i - 11 fruits
 k - 2 chunks of flesh
 p - 6 meat rations
 O - 7 royal jellies
 S - 2 beef jerkies


   Skills:
 - Level 6.6 Fighting
 - Level 9.4 Polearms
 * Level 25.2 Bows
 + Level 6.8 Armour
 * Level 4.8 Dodging


You had 14 spell levels left.
You didn't know any spells.

Dungeon Overview and Level Annotations

Branches:
Dungeon (11/15)            Temple (0/1) D:6            Lair (8/8) D:11
 Shoals (0/4) Lair:4       Spider (0/4) Lair:5        Slime (0/6) Lair:7
    Orc (1/2) D:11

Altars:
Gozag
Kikubaaqudgha
Nemelex Xobeh
Qazlal
Vehumet
Xom
Jiyva

Shops:
D:9 :[!([

Annotations:
D:6 Pikel


Innate Abilities, Weirdness & Mutations

You have hooves in place of feet.
Armour fits poorly on your strangely shaped body.
You cover ground very quickly.
You have extremely tough skin (AC +3).
Scrolls take you a little longer to read.
You are dopey. (Int -2)
You have an increased reservoir of magic (+10% MP).


Message History

* * * LOW HITPOINT WARNING * * *
The orc sorcerer closely misses you.
An orc comes into view. It is wielding a club.
Your chain mail of Denaok prevents you from hitting the orc sorcerer.
The orc shouts!
You kick the orc sorcerer, but do no damage.
The orc sorcerer is almost dead.
The ice devil closely misses you. The orc warrior closely misses you.
The orc warrior hits you but does no damage.
The orc sorcerer closely misses you. The ice devil hits you.
* * * LOW HITPOINT WARNING * * *
The ice devil freezes you!
* * * LOW HITPOINT WARNING * * *
The orc warrior closely misses you.
The orc warrior hits you but does no damage.
The orc sorcerer hits you but does no damage.
The ice devil hits you!
* * * LOW HITPOINT WARNING * * *
The ice devil freezes you!
You die...

####....### .....
.###
#.......#.......
.#.###............
#...#.......#...#.
#.#....#.........
###.##...##........
$....#..$.#.......#
#..[.##........
.....#@###........
....oo4o)# .......
..##.ooo## #.$.
##.$oo .....
.o....# ##......
.o.....


You could see an orc knight, an ice devil, an orc sorcerer, 2 orc warriors, 2
orc priests and 4 orcs.

Vanquished Creatures
  Maud (Lair:7)
  2 fire dragons (Lair:8)
  11 hydras
  The ghost of Moloch the Grappler, a journeyman DrFi of Ru (Lair:1)
  10 death yaks
  Urug (D:11)
  A sea snake (Lair:4)
  2 hill giants
  A necromancer (Lair:7)
  A lindwurm (Lair:8)
  An orc knight (Orc:1)
  2 griffons
  An orb spider (Lair:5)
  A cyclops (Orc:1)
  8 elephants
  6 torpor snails (Lair:8)
  2 black mambas (Lair:8)
  13 spiny frogs
  2 rime drakes
  11 komodo dragons
  A queen bee (D:10)
  2 polar bears
  4 giant leeches (Lair:8)
  5 trolls
  35 blink frogs
  Grinder (D:3)
  A snapping turtle (Lair:4)
  Sigmund (D:2)
  102 yaks
  3 basilisks
  A wyvern (D:9)
  3 steam dragons (Lair:8)
  11 hippogriffs
  Grum (D:11)
  A hungry ghost (D:11)
  2 mottled dragons (Lair:8)
  2 wargs (Orc:1)
  12 water moccasins
  13 porcupines
  A swamp drake (Lair:8)
  2 slaves (D:6)
  8 orc warriors
  2 sky beasts
  An ice beast (D:5)
  2 black bears
  A necrophage (D:5)
  4 wasps (Lair:8)
  15 wolves
  3 phantoms
  3 ogres
  9 centaurs
  15 crocodiles
  21 giant frogs
  9 gnoll sergeants
  2 scorpions
  21 killer bees
  8 wights
  10 electric eels
  5 howler monkeys
  A vampire bat (D:8)
  3 crimson imps
  2 jellies
  2 giant frog zombies
  A basilisk zombie (Lair:7)
  17 hounds
  2 giant frog skeletons
  4 orc priests
  6 gnoll shamans (Bailey)
  A centaur skeleton (D:10)
  4 orc wizards
  7 iguanas
  10 worker ants
  Natasha (twice) (D:2)
  30 sheep
  4 hound skeletons
  A hound zombie (D:5)
  3 worker ant zombies
  27 gnolls
  13 adders
  91 river rats
  3 shadow imps
  2 oozes
  2 adder zombies
  17 worms (Lair:8)
  2 dart slugs (D:2)
  3 giant geckos
  42 orcs
  4 bat skeletons (D:8)
  2 bat zombies (D:8)
  4 giant cockroaches
  14 goblins
  8 hobgoblins
  22 jackals
  5 quokkas
  A ball python (D:3)
  A ball python skeleton (D:3)
  3 bats
  A giant gecko skeleton (D:3)
  3 giant newts
  A jackal skeleton (D:3)
  9 kobolds
  A quokka zombie (D:3)
  4 rats
  2 fungi
  A plant (Lair:8)
809 creatures vanquished.

Vanquished Creatures (collateral kills)
  Nergalle (D:11)
  A hungry ghost (D:9)
  2 howler monkeys (D:11)
4 creatures vanquished.

Vanquished Creatures (others)
  30 fungi
  23 plants
53 creatures vanquished.

Grand Total: 866 creatures vanquished

Notes
Turn   | Place    | Note
--------------------------------------------------------------
     0 | D:1      | Moloch the Centaur Berserker began the quest for the Orb.
     0 | D:1      | Reached XP level 1. HP: 19/19 MP: 1/1
   315 | D:1      | Reached XP level 2. HP: 26/26 MP: 2/2
   848 | D:2      | Reached ** piety under Trog
   848 | D:2      | Reached XP level 3. HP: 31/31 MP: 3/3
  1039 | D:2      | Noticed Natasha
  1051 | D:2      | Killed Natasha
  1051 | D:2      | Reached XP level 4. HP: 38/38 MP: 4/4
  1125 | D:2      | Found a sparkling altar of Nemelex Xobeh.
  1227 | D:2      | Noticed Natasha
  1229 | D:2      | Noticed Sigmund
  1237 | D:2      | Killed Natasha
  1237 | D:2      | Reached skill level 5 in Polearms
  1385 | D:2      | Killed Sigmund
  1385 | D:2      | Reached XP level 5. HP: 46/46 MP: 5/5
  1385 | D:2      | Reached XP level 6. HP: 52/52 MP: 6/6
  1659 | D:3      | Reached *** piety under Trog
  2397 | D:3      | Noticed Grinder
  2403 | D:3      | Paralysed by Grinder for 6 turns
  2415 | D:3      | Killed Grinder
  2415 | D:3      | Reached XP level 7. HP: 41/60 MP: 7/7
  3259 | D:4      | Reached skill level 5 in Fighting
  3274 | D:4      | Gained mutation: You are somewhat resistant to further mutation. [mutagenic meat]
  3275 | D:4      | Gained mutation: You have an increased reservoir of magic (+10% MP). [mutagenic meat]
  3358 | D:5      | Entered Level 5 of the Dungeon
  3644 | D:5      | Reached XP level 8. HP: 68/68 MP: 8/8
  4196 | D:5      | Reached **** piety under Trog
  4932 | D:6      | Reached skill level 1 in Bows
  5135 | D:6      | Reached skill level 2 in Bows
  5151 | D:6      | Noticed Pikel
  5164 | D:6      | HP: 2/105 [Pikel/whip of electrocution (20)]
  5908 | D:6      | Found a staircase to the Ecumenical Temple.
  5959 | D:6      | Reached skill level 3 in Bows
  5959 | D:6      | Reached XP level 9. HP: 69/77 MP: 9/9
  6158 | D:7      | Reached skill level 4 in Bows
  6161 | D:7      | Received a gift from Trog
  6213 | D:7      | Reached skill level 5 in Bows
  6692 | D:7      | Found an opulent altar of Gozag.
  6989 | D:8      | Reached skill level 6 in Bows
  7067 | D:8      | Reached skill level 7 in Bows
  7366 | D:8      | Reached skill level 8 in Bows
  7442 | D:8      | Found an ancient bone altar of Kikubaaqudgha.
  7635 | D:8      | Reached skill level 9 in Bows
  7986 | D:9      | Found a flagged portal.
  8007 | Bailey   | Entered a bailey
  8112 | Bailey   | Reached skill level 10 in Bows
  8120 | Bailey   | Reached ***** piety under Trog
  8120 | Bailey   | Received a gift from Trog
  8585 | Bailey   | Reached skill level 11 in Bows
  8639 | Bailey   | Reached XP level 10. HP: 68/83 MP: 11/11
  8729 | Bailey   | Got a twisted ring mail
  8756 | Bailey   | Identified the +1 ring mail "Wiuh" {rC+ Str-4 Int+8} (You took it off a gnoll shaman in a bailey)
  9072 | D:9      | Reached skill level 12 in Bows
  9150 | D:9      | Found Jiuniamm's Weapon Boutique.
  9154 | D:9      | Found Lilesar's Antique Armour Emporium.
  9162 | D:9      | Bought an ancient chain mail for 228 gold pieces
  9162 | D:9      | Bought a heavily runed chain mail for 228 gold pieces
  9174 | D:9      | Identified the +6 chain mail of Denaok {rF+ Str+3 Dex+4} (You bought it in a shop on level 9 of the Dungeon)
  9184 | D:9      | Identified the cursed +1 chain mail of Duask {MR- Int+5} (You bought it in a shop on level 9 of the Dungeon)
  9261 | D:9      | Found a stormy altar of Qazlal.
  9268 | D:9      | Found a shimmering altar of Xom.
  9391 | D:9      | Received a gift from Trog
  9392 | D:9      | Found Ucoxzakk's Book Shop.
  9495 | D:9      | Found Cuufrei's Distillery.
  9504 | D:9      | Bought a potion of curing for 36 gold pieces
  9631 | D:9      | Found Kocronnis's Armour Emporium.
  9736 | D:10     | Entered Level 10 of the Dungeon
  9824 | D:10     | Reached skill level 13 in Bows
 10009 | D:10     | Noticed a hill giant
 10163 | D:10     | Killed a hill giant
 10163 | D:10     | Reached skill level 14 in Bows
 10507 | D:10     | Reached skill level 15 in Bows
 10699 | D:10     | Reached XP level 11. HP: 90/90 MP: 12/12
 10938 | D:11     | Noticed Urug
 10954 | D:11     | Killed Urug
 11005 | D:11     | Noticed a four-headed hydra
 11040 | D:11     | Killed a four-headed hydra
 11040 | D:11     | Reached skill level 16 in Bows
 11239 | D:11     | Noticed Nergalle
 11278 | D:11     | Killed Nergalle
 11278 | D:11     | Reached skill level 17 in Bows
 11340 | D:11     | Received a gift from Trog
 11385 | D:11     | Noticed a hill giant
 11414 | D:11     | Killed a hill giant
 11535 | D:11     | Received a gift from Trog
 11601 | D:11     | Reached skill level 18 in Bows
 11613 | D:11     | Found a staircase to the Lair.
 11711 | D:11     | Noticed Grum
 11850 | D:11     | Killed Grum
 12193 | D:11     | Received a gift from Trog
 12283 | D:11     | Found a staircase to the Orcish Mines.
 12414 | Lair:1   | Entered Level 1 of the Lair of Beasts
 12726 | Lair:1   | Reached skill level 19 in Bows
 12726 | Lair:1   | Reached XP level 12. HP: 96/96 MP: 13/13
 12866 | Lair:1   | Received a gift from Trog
 13037 | Lair:1   | Noticed Moloch's ghost (journeyman DrFi)
 13044 | Lair:1   | Killed Moloch's ghost
 13422 | Lair:1   | Reached skill level 20 in Bows
 14142 | Lair:2   | Reached skill level 21 in Bows
 14178 | Lair:2   | Noticed a four-headed hydra
 14196 | Lair:2   | Killed a four-headed hydra
 14216 | Lair:2   | Received a gift from Trog
 14277 | Lair:2   | Found a radiant altar of Vehumet.
 14685 | Lair:3   | Received a gift from Trog
 14782 | Lair:3   | Noticed a six-headed hydra
 14841 | Lair:3   | Killed a six-headed hydra
 14844 | Lair:3   | Reached XP level 13. HP: 103/103 MP: 14/14
 14920 | Lair:3   | Gained mutation: You are dopey. (Int -2) [potion of mutation]
 14921 | Lair:3   | Lost mutation: You are somewhat resistant to further mutation. [potion of mutation]
 14921 | Lair:3   | Gained mutation: Scrolls take you a little longer to read. [potion of mutation]
 15331 | Lair:3   | Received a gift from Trog
 16280 | Lair:4   | Found a staircase to the Shoals.
 16656 | Lair:5   | Reached skill level 22 in Bows
 16958 | Lair:5   | Found a hole to the Spider Nest.
 17773 | Lair:6   | Received a gift from Trog
 17899 | Lair:6   | Reached skill level 23 in Bows
 18174 | Lair:6   | Received a gift from Trog
 18570 | Lair:6   | Reached XP level 14. HP: 106/110 MP: 15/15
 18600 | Lair:6   | Received a gift from Trog
 18685 | Lair:6   | Reached skill level 5 in Armour
 19157 | Lair:7   | Noticed Maud
 19197 | Lair:7   | Killed Maud
 19551 | Lair:7   | Reached skill level 24 in Bows
 20177 | Lair:7   | Found a viscous altar of Jiyva.
 20177 | Lair:7   | Found a staircase to the Slime Pits.
 20403 | Lair:8   | Entered Level 8 of the Lair of Beasts
 20569 | Lair:8   | Received a gift from Trog
 20802 | Lair:8   | Reached ****** piety under Trog
 20918 | Lair:8   | Received a gift from Trog
 20921 | Lair:8   | Got an ichor-stained bardiche {god gift}
 20924 | Lair:8   | Identified the +8 bardiche of the Shore {chop, rN+} (Trog gifted it to you on level 8 of the Lair of Beasts)
 21941 | Lair:8   | Found a runed door.
 22087 | Lair:8   | Received a gift from Trog
 22122 | Lair:8   | Reached skill level 25 in Bows
 22184 | Lair:8   | Reached XP level 15. HP: 111/116 MP: 16/16
 22218 | Lair:8   | Received a gift from Trog
 23034 | Orc:1    | Entered Level 1 of the Orcish Mines
 23324 | Orc:1    | Paralysed by an orc sorcerer for 5 turns
 23330 | Orc:1    | HP: 5/131 [ice devil[an orc knight] (7)]
 23330 | Orc:1    | Mangled by an ice devil

Vault maps used:
D:1:      lightli_arrival_maybe_door_vault, kennysheep_minor_cross
D:2:      nemelex_dance_club_becter, uniq_natasha, uniq_sigmund
D:3:      first_bread, serial_undead, serial_undead_d, serial_undead_f,
          serial_undead_c, serial_undead_f, nrook_uturn, uniq_grinder
D:5:      bh_chokoban
D:6:      minmay_temple_entry_from_below_a, uniq_pikel
D:7:      kennysheep_little_box
D:8:      kennysheep_vampire_church
D:9:      amethyst_overflow_temple_binary, enter_bailey_3, serial_shops, shop,
          shop, shop, nicolae_shop_trees, nicolae_shop_crystal
D:10:     david_nohive_1, minmay_misc_feat_four_crosses
D:11:     erik_lair_island, orc_0_dummy, uniq_nergalle, uniq_urug, uniq_grum
Lair:1:   beast_lair_carwin_3, lemuel_fruit_fields, infiniplex_staircase_pool,
          grunt_megastairs_2, serial_bayou_shore_a
Lair:2:   basic_altar
Lair:3:   st_stairs_12, hangedman_lair_generics_rect, grunt_megastairs_4
Lair:4:   minmay_shoals_entry_hut
Lair:5:   nicolae_spider_entry_orb_guardian
Lair:6:   beast_lair_carwin_7, serial_bayou_shore_b
Lair:7:   pond_and_an_island_with_a_cottage, slime_altar_1,
          infiniplex_staircase_pool_2, grunt_megastairs_3, uniq_maud
Lair:8:   wormcave, guppyfry_lair_end_dragon, grunt_megastairs_5
Orc:1:    hangedman_minor_magic
Bailey:   bailey_polearm_gnolls_kennysheep, bailey

Skill      XL: |  1  2  3  4  5  6  7  8  9 10 11 12 13 14 |
---------------+-------------------------------------------+-----
Polearms       | 3 4 5 6 7 8 9 |  9.4
Fighting       | 4 5 6 |  6.6
Armour         | 2 3 4 6 |  6.8
Bows           | 3 11 15 19 21 23 25 | 25.2
Dodging        | 2 4 |  4.8

Action                   |  1- 3 |  4- 6 |  7- 9 | 10-12 | 13-15 || total
-------------------------+-------+-------+-------+-------+-------++-------
Melee: Spear             |    99 |   138 |   232 |       |       ||   469
       Kick              |    13 |    32 |   118 |   208 |   278 ||   649
       Halberd           |       |       |   261 |       |       ||   261
       Trident           |       |       |   161 |    77 |       ||   238
       Glaive            |       |       |       |   523 |    61 ||   584
       Bardiche          |       |       |       |       |   775 ||   775
 Fire: Shortbow          |       |       |     3 |   193 |    88 ||   284
       Longbow           |       |       |       |       |   309 ||   309
Throw: Throwing net      |       |       |       |       |     1 ||     1
Invok: Berserk           |     4 |     3 |    19 |    21 |    19 ||    66
       Trog's Hand       |       |     1 |       |       |       ||     1
       Brothers in Arms  |       |       |       |     3 |       ||     3
       Burn Spellbooks   |       |       |       |     1 |     2 ||     3
  Use: Scroll            |       |       |     4 |    19 |     8 ||    31
       Potion            |       |       |       |       |     2 ||     2
  Eat: Chunk             |     3 |     7 |    38 |    42 |    40 ||   130
       Beef jerky        |       |       |     1 |       |       ||     1
       Fruit             |       |       |     3 |       |       ||     3
       Pizza             |       |       |       |     1 |     1 ||     2
       Meat ration       |       |       |       |     1 |       ||     1
       Royal jelly       |       |       |       |     1 |       ||     1
Armor: Animal skin       |    12 |       |       |       |       ||    12
       Ring mail         |     9 |    36 |   194 |     5 |       ||   244
       Scale mail        |       |       |    10 |     1 |       ||    11
       Chain mail        |       |       |       |   497 |   793 ||  1290
Dodge: Dodged            |    22 |    23 |   205 |   207 |   460 ||   917
